 Dungeon Crawl Stone Soup version 0.16.1-7-g2c6721e (console) character file.

13594 Monkaria the Cleaver (level 11, -8/100 HPs)
             Began as a Deep Dwarf Fighter on Mar 29, 2015.
             Was the Champion of Makhleb.
             Mangled by a freezing wraith (12 damage)
             ... in an ice cave.
             The game lasted 00:32:27 (10935 turns).

Monkaria the Cleaver (Deep Dwarf Fighter)          Turns: 10935, Time: 00:32:28

Health: -8/100     AC: 21    Str: 21    XL:     11   Next: 77%
Magic:  13/13      EV: 17    Int: 11    God:    Makhleb [******]
Gold:   243        SH:  0    Dex:  8    Spells: 0 memorised, 10 levels left

rFire  . . .     SeeInvis +     K - +1 battleaxe
rCold  . . .     Clarity  .     U - +0 steam dragon armour
rNeg   + . .     SustAb   .     (no shield)
rPois  +         Gourm    .     b - +2 helmet
rElec  .         Spirit   .     j - +0 cloak
rCorr  .         Warding  .     n - +0 pair of gloves
rMut   .         Stasis   .     k - +0 pair of boots
MR     +....                    (no amulet)
Stlth  +.........               m - +6 ring of protection
                                i - ring of Omiuc {+Inv rPois rN+ EV+4 Dex-4 SInv}

@: non-regenerating, somewhat resistant to hostile enchantments, very unstealthy
A: damage resistance, recharge devices, hooves 1, repulsion field 1, clever 1,
sense surroundings 2, slow healing 3, weak 1, wild magic 1
a: Device Recharging, Minor Destruction, Lesser Servant of Makhleb, Major
Destruction, Greater Servant of Makhleb, Renounce Religion, Evoke Invisibility


You were in an ice cave.
You worshipped Makhleb.
Makhleb was exalted by your worship.
You were not hungry.

You visited 3 branches of the dungeon, and saw 13 of its levels.
You also visited: Ice Cave.

You collected 560 gold pieces.
You spent 317 gold pieces at shops.

Inventory:

Hand weapons
 t - a +2 scimitar of flaming
 G - the +3 blowgun of Heolar {speed, Int+4}
   (You bought it in a shop on level 10 of the Dungeon)

   Attacks with this weapon are significantly faster.
   It affects your intelligence (+4).
 K - a +1 battleaxe (weapon)
Missiles
 O - 29 poisoned needles
Armour
 b - a +2 helmet (worn)
 j - a +0 cloak (worn)
 k - a +0 pair of boots (worn)
 n - a +0 pair of gloves (worn)
 U - a +0 steam dragon armour (worn)
Jewellery
 g - a +2 ring of protection
 i - the ring of Omiuc (left hand) {+Inv rPois rN+ EV+4 Dex-4 SInv}
   (You acquired it in an ice cave)

   [ring of evasion]

   It affects your evasion (+4).
   It affects your dexterity (-4).
   It protects you from poison.
   It protects you from negative energy.
   It enhances your eyesight.
   It lets you turn invisible.
 m - a +6 ring of protection (right hand)
 o - an uncursed ring of fire
 w - an uncursed ring of poison resistance
 M - an uncursed ring of protection from magic
Magical devices
 a - a wand of draining (5)
 d - a wand of heal wounds (2)
 l - a wand of flame (23)
 q - a wand of frost (32)
 r - a wand of cold (6)
 C - a wand of slowing (15)
 L - a wand of random effects (0)
 T - a wand of paralysis (5)
Scrolls
 y - a scroll of blinking {unknown}
 z - a scroll of teleportation
 B - a scroll of fog
 E - a scroll of magic mapping
Potions
 e - 4 potions of might
 p - a potion of cancellation
 s - a potion of berserk rage {unknown}
 v - 8 potions of curing
 x - a potion of magic
 A - a potion of invisibility
 F - 2 potions of resistance {unknown}
 H - a potion of restore abilities
 I - a potion of agility
 J - 2 potions of lignification
Comestibles
 f - 9 bread rations
 h - a meat ration
 D - a beef jerky


   Skills:
 - Level 7.3 Fighting
 + Level 13.7 Axes
 - Level 12.0 Armour
   Level 3.2 Shields
 - Level 7.0 Invocations


You had 10 spell levels left.
You didn't know any spells.

Dungeon Overview and Level Annotations

Branches:
Dungeon (11/15)            Temple (1/1) D:4            Lair (1/8) D:9
    Orc (0/4) D:11

Altars:
Ashenzari
Cheibriados
Dithmenos
Elyvilon
Fedhas
Gozag
Kikubaaqudgha
Makhleb
Nemelex Xobeh
Okawaru
Qazlal
Ru
Sif Muna
Trog
Vehumet
Xom
Yredelemnul
Zin
The Shining One

Shops:
D:4 !   D:10 (


Innate Abilities, Weirdness & Mutations

You are resistant to damage.
You can recharge devices by infusing magical energy.
You passively map the area around you.
You do not heal naturally.
You have large cloven feet.
You are surrounded by a mild repulsion field (EV +2).
Your mind is acute. (Int +2)
You are weak. (Str -2)
Your spells are a little harder to cast, but a little more powerful.


Message History

The freezing wraith is heavily damaged.
You barely miss the freezing wraith.
The freezing wraith is lightly damaged.
The freezing wraith closely misses you. x2
The freezing wraith hits you! The freezing wraith freezes you!!
The freezing wraith hits you but does no damage.
Unknown command.
You barely miss the freezing wraith.
The freezing wraith is heavily damaged.
You hit the freezing wraith.
The freezing wraith is lightly damaged.
The freezing wraith hits you!
* * * LOW HITPOINT WARNING * * *
The freezing wraith freezes you!!
* * * LOW HITPOINT WARNING * * *
The freezing wraith barely misses you. x2
The freezing wraith misses you. The freezing wraith hits you.
* * * LOW HITPOINT WARNING * * *
The freezing wraith freezes you!
You die...

* , ##...## ,, * *
≈#...## * , ,
≈*#..## , ** * * ,
##..## ,, * * *
*##..# * * #*, , *
####..#### *#.. , *
##.#....#.## *##..
* ≈ ##.W........##
###...*
##.@W.........#
#...#
####.............#
...#
##...............##
..###
##....###........##
....## #...###
###...#### #....##
#..## #####
###...###...#
##...###.W##
≈*##...###..##


You could see 2 freezing wraiths.

Vanquished Creatures
  Harold (D:11)
  Nessos (D:11)
  Erica (D:10)
  The ghost of hornqvist the Basher, an experienced NaFi (D:6)
  An ugly thing (D:11)
  Maurice (D:9)
  A spiny frog (Lair:1)
  2 trolls
  2 freezing wraiths (IceCv)
  Grinder (D:3)
  A basilisk (Lair:1)
  A spriggan (D:7)
  A hippogriff (D:9)
  A deep elf mage (D:9)
  A steam dragon (D:8)
  2 hungry ghosts
  2 death yak simulacra (IceCv)
  3 wargs (D:9)
  3 water moccasins
  5 wolves (Lair:1)
  5 orc warriors
  2 porcupines (Lair:1)
  A soldier ant (D:10)
  18 ice beasts
  2 phantoms
  A black bear (D:10)
  5 centaurs
  An eye of draining (D:8)
  5 ogres
  2 necrophages (D:9)
  2 big kobolds
  3 crocodiles
  3 giant frogs
  A wyvern skeleton (D:8)
  3 scorpions
  3 killer bees (D:9)
  A centaur zombie (D:9)
  5 goliath beetles
  2 iguanas
  4 jellies
  4 crimson imps
  A giant frog zombie (D:9)
  6 orc priests
  8 hounds
  13 orc wizards
  2 wolf simulacra (IceCv)
  4 worker ants
  Ijyb (D:2)
  A hound zombie (D:10)
  A hound skeleton (D:11)
  2 worker ant zombies
  10 gnolls
  15 adders
  4 giant mites
  A shadow imp (D:6)
  5 white imps (IceCv)
  A worm (D:3)
  An adder skeleton (D:4)
  An adder zombie (D:5)
  5 giant geckos
  2 oozes
  39 orcs
  2 ball pythons
  17 bats
  A bat skeleton (D:6)
  10 giant cockroaches
  23 goblins
  11 hobgoblins
  6 jackals
  35 kobolds
  2 quokkas (D:3)
  6 giant newts
  A giant spore (D:11)
  17 rats
  6 ballistomycetes
365 creatures vanquished.

Vanquished Creatures (others)
  A hound (D:7)
  An adder (D:11)
  A giant gecko (D:2)
  3 giant spores
  A kobold (D:2)
  A rat (D:2)
8 creatures vanquished.

Grand Total: 373 creatures vanquished

Notes
Turn   | Place    | Note
--------------------------------------------------------------
     0 | D:1      | Monkaria, the Deep Dwarf Fighter, began the quest for the Orb.
     0 | D:1      | Reached XP level 1. HP: 20/20 MP: 1/1
   132 | D:1      | Reached XP level 2. HP: 22/28 MP: 2/2
   688 | D:2      | Reached XP level 3. HP: 20/36 MP: 3/3
   767 | D:2      | Noticed Ijyb
   792 | D:2      | Killed Ijyb
   792 | D:2      | Reached skill level 4 in Fighting
  1335 | D:3      | Reached XP level 4. HP: 38/45 MP: 4/4
  1525 | D:3      | Reached skill level 5 in Fighting
  1679 | D:3      | Reached XP level 5. HP: 29/52 MP: 5/5
  1688 | D:3      | Found a shattered altar of Ashenzari.
  1690 | D:3      | Found a deep blue altar of Sif Muna.
  1690 | D:3      | Found an iron altar of Okawaru.
  1691 | D:3      | Found a stormy altar of Qazlal.
  1692 | D:3      | Found a bloodstained altar of Trog.
  1958 | D:3      | Noticed Grinder
  1979 | D:3      | Killed Grinder
  1979 | D:3      | Reached skill level 6 in Fighting
  1979 | D:3      | Reached XP level 6. HP: 42/63 MP: 6/6
  2210 | D:4      | Found a staircase to the Ecumenical Temple.
  2222 | Temple   | Entered the Ecumenical Temple
  2299 | Temple   | Became a worshipper of Makhleb the Destroyer
  2510 | D:4      | Reached skill level 7 in Fighting
  2585 | D:4      | Reached XP level 7. HP: 27/72 MP: 6/6
  2667 | D:4      | Found Sixesue's Distillery.
  2670 | D:4      | Bought a potion of agility for 52 gold pieces
  2670 | D:4      | Bought a potion of curing for 39 gold pieces
  2670 | D:4      | Bought a potion of lignification for 39 gold pieces
  2678 | D:4      | Gained mutation: Your spells are a little harder to cast, but a little more powerful. [potion of mutation]
  2678 | D:4      | Gained mutation: You have large cloven feet. [potion of mutation]
  2678 | D:4      | Gained mutation: You are surrounded by a mild repulsion field (EV +2). [potion of mutation]
  3121 | D:5      | Entered Level 5 of the Dungeon
  3371 | D:5      | Acquired Makhleb's first power
  3407 | D:5      | Reached skill level 5 in Axes
  3628 | D:5      | Reached XP level 8. HP: 38/80 MP: 7/7
  4119 | D:6      | Found a burning altar of Makhleb.
  4122 | D:6      | Reached skill level 8 in Axes
  4172 | D:6      | Found a sacrificial altar of Ru.
  4293 | D:6      | Noticed hornqvist's ghost (experienced NaFi)
  4478 | D:6      | Acquired Makhleb's second power
  4503 | D:6      | Found a glowing silver altar of Zin.
  4537 | D:6      | Reached skill level 1 in Invocations
  4701 | D:6      | Killed hornqvist's ghost
  4701 | D:6      | Gained mutation: You passively map the area around you. [level up]
  4701 | D:6      | Reached XP level 9. HP: 58/86 MP: 9/17
  5292 | D:7      | Reached skill level 5 in Armour
  5386 | D:7      | Acquired Makhleb's third power
  6075 | D:8      | note to self: do not tab spores
  6340 | D:8      | Reached skill level 9 in Armour
  6564 | D:8      | You fall through a shaft!
  6574 | D:9      | Reached XP level 10. HP: 56/94 MP: 16/16
  6593 | D:9      | Found a shimmering altar of Xom.
  6618 | D:9      | Found a staircase to the Lair.
  6649 | D:9      | Acquired Makhleb's fourth power
  6658 | D:9      | Reached skill level 10 in Armour
  6693 | Lair:1   | Entered Level 1 of the Lair of Beasts
  6883 | Lair:1   | i forgot i don't heal.
  7450 | D:9      | Noticed Maurice
  7483 | D:9      | Killed Maurice
  7483 | D:9      | Reached skill level 11 in Armour
  7592 | D:9      | Found an opulent altar of Gozag.
  7712 | D:9      | Acquired Makhleb's fifth power
  8124 | D:8      | Reached skill level 12 in Armour
  8851 | Lair:1   | Reached skill level 10 in Axes
  9108 | Lair:1   | Reached XP level 11. HP: 72/100 MP: 17/17
  9598 | D:10     | Entered Level 10 of the Dungeon
  9767 | D:10     | Noticed Erica
  9786 | D:10     | Killed Erica
 10065 | D:10     | Found Pim Evash's Antique Weapon Shoppe.
 10069 | D:10     | Bought a polished blowgun for 187 gold pieces
 10069 | D:10     | Identified the cursed +3 blowgun of Heolar {speed, Int+4} (You bought it in a shop on level 10 of the Dungeon)
 10357 | D:11     | Noticed Harold
 10400 | D:11     | Killed Harold
 10449 | D:11     | Gained mutation: Your mind is acute. (Int +2) [mutagenic meat]
 10450 | D:11     | Gained mutation: You are weak. (Str -2) [mutagenic meat]
 10475 | D:11     | Noticed Nessos
 10488 | D:11     | Killed Nessos
 10488 | D:11     | Reached skill level 13 in Axes
 10656 | D:11     | Found a staircase to the Orcish Mines.
 10663 | D:11     | Found a frozen archway.
 10681 | IceCv    | Entered an ice cave
 10761 | IceCv    | Identified a scroll of acquirement
 10762 | IceCv    | Got a translucent ivory ring
 10764 | IceCv    | Identified the ring of Omiuc {+Inv rPois rN+ EV+4 Dex-4 SInv} (You acquired it in an ice cave)
 10935 | IceCv    | HP: 4/100 [freezing wraith (3)]
 10935 | IceCv    | Mangled by a freezing wraith

Action                   |  1- 3 |  4- 6 |  7- 9 | 10-12 || total
-------------------------+-------+-------+-------+-------++-------
Melee: War axe           |   134 |   216 |   526 |   357 ||  1233
       Battleaxe         |       |       |       |   355 ||   355
 Abil: Device Recharging |       |     1 |     3 |     4 ||     8
Evoke: Wand              |     3 |     5 |    48 |    37 ||    93
  Use: Potion            |     2 |       |     1 |     2 ||     5
       Scroll            |       |       |    14 |     5 ||    19
 Stab: Confused          |       |     1 |     3 |       ||     4
       Paralysed         |       |       |     1 |    10 ||    11
       Invisible         |       |       |       |     5 ||     5
  Eat: Chunk             |       |     6 |    13 |    19 ||    38
       Pizza             |       |       |       |     1 ||     1
       Fruit             |       |       |       |     1 ||     1
